 Dungeon Crawl Stone Soup version 0.15.1-3-g1b33baa (webtiles) character file.

308 Heini the Covered (level 6, -4/57 HPs)
             Began as a Minotaur Fighter on Oct 11, 2014.
             Killed from afar by an orc wizard (9 damage)
             ... with a puff of flame
             ... on Level 2 of the Dungeon.
             The game lasted 00:11:50 (2548 turns).

Heini the Covered (Minotaur Fighter)                Turns: 2548, Time: 00:11:51

HP  -4/57        AC  7     Str 23      XL: 6   Next: 17%
MP   3/3         EV  6     Int  5      God:
Gold 187         SH  9     Dex  9      Spells:  0 memorised,  5 levels left

rFire  . . .     SeeInvis .     a - +1 flail
rCold  . . .     Clarity  .     b - +0 scale mail
rNeg   . . .     rCorr    .     c - +0 shield
rPois  .         rRot     .     (helmet restricted)
rElec  .         Spirit   .     (no cloak)
SustAb .         Warding  .     (no gloves)
rMut   .         Stasis   .     (no boots)
Gourm  .                        h - amulet of faith
MR     .....                    (no ring)
                                (no ring)

@: very slightly contaminated, hasted, drained, invisible, very quick, not
resistant to hostile enchantments, extremely unstealthy
A: retaliatory headbutt, horns 2
a: no special abilities


You were on level 2 of the Dungeon.
You were not hungry.

You visited 1 branch of the dungeon, and saw 3 of its levels.

You collected 187 gold pieces.

Inventory:

Hand weapons
 a - a +1 flail (weapon)
Armour
 b - a +0 scale mail (worn)
 c - a +0 shield (worn)
Comestibles
 g - a bread ration
 n - 3 rotting chunks of human flesh
 q - a meat ration
Scrolls
 f - 3 scrolls of noise
 s - a scroll of recharging {unknown}
 t - a scroll of amnesia {unknown}
Jewellery
 h - an amulet of faith (around neck)
Potions
 l - 4 potions of agility


   Skills:
 * Level 5.7(5.0) Fighting
 * Level 4.1(3.4) Maces & Flails
 * Level 6.2(5.5) Armour
 - Level 3.6(2.9) Shields


You had 5 spell levels left.
You didn't know any spells.

Dungeon Overview and Level Annotations

Branches:
Dungeon (3/15)

Altars:
Yredelemnul
Beogh

Annotations:
D:3 Kex's ghost, average GrFi


Innate Abilities, Weirdness & Mutations

You reflexively headbutt those who attack you in melee.
You have a pair of horns on your head.


Message History

* * * LOW HITPOINT WARNING * * *
You sock the orc warrior!
You headbutt the orc warrior, but do no damage.
The orc warrior is severely wounded.
You sock the orc warrior!
You kill the orc warrior!
Your Maces & Flails skill increases to level 4!
Your Armour skill increases to level 6!
You have reached level 6!
Your experience leads to an increase in your attributes!
Increase (S)trength, (I)ntelligence, or (D)exterity?
You feel stronger.
Things that are here:
a scimitar; 5 tomahawks; a plate armour The orc wizard gestures at something while chanting.
You miss the orc wizard. The orc wizard hits you with a dagger.
* * * LOW HITPOINT WARNING * * *
The orc wizard points at you and mumbles some strange words.
The puff of flame hits you!
You die...

.#)##.###.##..#...>....#.#.#.....
......# #.##.............#.#.....
#..#### #.##.............#......#
....## #.##...................##
.....####....#..(....<(........#
............................####
......###..#.##...........#.###
......###..#.#o..........##...#
...........#.#..@........####.###
..............).o........# #....
###..........#...........#######>
#..........#...................
#...>......##..........########
#..........#...................
#.........................#####
##....)....#.#..###.......#
##...............##.......#


You could see 2 orc wizards.

Vanquished Creatures
  An orc warrior (D:2)
  Sigmund (D:2)
  A crimson imp (D:3)
  Ijyb (D:1)
  Terence (D:2)
  An adder (D:1)
  A giant mite (D:1)
  A worm (D:2)
  A giant gecko (D:1)
  An ooze (D:1)
  An orc (D:1)
  11 bats
  5 giant cockroaches
  6 goblins
  5 hobgoblins
  2 quokkas
  A giant newt (D:1)
  9 jackals
  6 kobolds
  7 rats
63 creatures vanquished.

Notes
Turn   | Place    | Note
--------------------------------------------------------------
     0 | D:1      | Heini, the Minotaur Fighter, began the quest for the Orb.
     0 | D:1      | Reached XP level 1. HP: 19/19 MP: 1/1
   141 | D:1      | Reached skill level 4 in Fighting
   181 | D:1      | Reached XP level 2. HP: 22/27 MP: 1/1
   714 | D:1      | Found a roughly hewn altar of Beogh.
   714 | D:1      | Noticed an orc wizard
   715 | D:1      | Noticed an orc warrior
   716 | D:1      | Noticed an orc wizard
   717 | D:1      | Noticed an orc wizard
   882 | D:2      | Noticed Ijyb
   886 | D:2      | Reached XP level 3. HP: 34/34 MP: 2/2
   887 | D:2      | Noticed Sigmund
   909 | D:1      | Killed Ijyb
  1226 | D:2      | Found a basalt altar of Yredelemnul.
  1256 | D:2      | Reached XP level 4. HP: 33/41 MP: 2/2
  1448 | D:3      | Reached skill level 5 in Fighting
  1465 | D:3      | Noticed Kex's ghost (average GrFi)
  1600 | D:1      | HP: 2/42 [poisoned by an adder]
  1608 | D:1      | HP: 1/42 [poisoned by an adder]
  1978 | D:2      | Reached skill level 5 in Armour
  2091 | D:2      | Killed Sigmund
  2091 | D:2      | Reached XP level 5. HP: 22/48 MP: 2/2
  2318 | D:2      | Noticed Terence
  2327 | D:2      | Killed Terence
  2544 | D:2      | Killed an orc warrior
  2544 | D:2      | Reached skill level 6 in Armour
  2544 | D:2      | Reached XP level 6. HP: 5/57 MP: 3/3
  2548 | D:2      | Killed from afar by an orc wizard

Action                   |  1- 3 |  4- 6 || total
-------------------------+-------+-------++-------
Melee: Flail             |    87 |   107 ||   194
  Use: Scroll            |     2 |     4 ||     6
       Potion            |       |     5 ||     5
  Eat: Bread ration      |       |     1 ||     1
       Chunk             |       |     1 ||     1
